 Dungeon Crawl Stone Soup version 0.26-a0-540-g8a0c9464d7 (webtiles) character file.

Game seed: 6314046659056885229

(classic levelgen) 381656 EnegeticOcto the Peltast (level 21, -2/219 (220) HPs)
             Began as a Deep Dwarf Fighter on Aug 25, 2020.
             Was the Champion of Makhleb.
             Killed from afar by an orb of fire (6 damage)
             ... with a bolt of fire
             ... on level 5 of the Realm of Zot.
             The game lasted 00:19:22 (16687 turns).

EnegeticOcto the Peltast (Deep Dwarf Fighter)      Turns: 16687, Time: 00:19:24

HP:   -2/219 (220)  AC: 32    Str: 24 (26) XL:     21   Next: 56%
MP:   9/9           EV:  7    Int:  7 (11) God:    Makhleb [******]
Gold: 1921          SH: 28    Dex: 11 (13) Spells: 20/20 levels left

rFire    + + .     SeeInvis +   a - +9 broad axe (chaos)
rCold    + . .     Faith    .   g - +0 tower shield
rNeg     + . .     Spirit   .   C - +3 crystal plate armour
rPois    .         Reflect  +   c - +0 mask of the Dragon {MR+ Slay+3 SInv}
rElec    +         Harm     .   K - +2 cloak {rCorr}
rCorr    +         Rnd*Rage +   H - +2 pair of gloves {Dex+3}
MR       +++++                  Z - +0 pair of boots
Stlth    ..........             m - amulet of reflection
HPRegen  0.00/turn              E - ring "Oqakoc" {rElec Int+4 Stlth-}
MPRegen  0.11/turn              h - ring of Lust {rF+ rC+ Str+2}

@: berserking, non-regenerating, slowed, lightly drained
A: damage resistance, heal wounds, horns 1, repulsion field 1, berserk 3, blurry
vision 3, clumsy 1, deformed body, deterioration 2, dopey 2, fire resistance 1,
frail 3, low mp 3, magic resistance 1, negative energy resistance 1, sense
surroundings 3, screaming 3, weak 2, no potion heal 3, subdued magic 2, no
regeneration
0: Orb of Zot
}: 3/15 runes: decaying, slimy, gossamer
a: Heal Wounds, Minor Destruction, Lesser Servant of Makhleb, Major Destruction,
Greater Servant of Makhleb, Renounce Religion


You were on level 5 of the Realm of Zot.
You worshipped Makhleb.
Makhleb was exalted by your worship.
You visited 9 branches of the dungeon, and saw 46 of its levels.
You visited the Abyss 1 time.
You also visited: Bailey.

You collected 4604 gold pieces.
You spent 2683 gold pieces at shops.

Inventory:

Hand Weapons
 a - a +9 broad axe of chaos (weapon)
 R - a +2 war axe of flaming
Missiles
 y - 3 throwing nets (quivered)
Armour
 c - the +0 mask of the Dragon (worn) {MR+ Slay+3 SInv}
   (You found it on level 5 of the Pits of Slime)

   It affects your accuracy and damage with ranged weapons and melee attacks
   (+3).
   It affects your resistance to hostile enchantments.
   It lets you see invisible.
 g - a +0 tower shield (worn)
 q - the +2 ratskin cloak {*Rats rPois rN+ Str-1 Int-1 Dex+1}
   (You found it on level 6 of the Dungeon)

   It affects your strength (-1).
   It affects your intelligence (-1).
   It affects your dexterity (+1).
   It protects you from poison.
   It protects you from negative energy.
 C - a +3 crystal plate armour (worn)
 H - a +2 pair of gloves of dexterity (worn)
 K - a +2 cloak of preservation (worn)
 Z - a +0 pair of boots (worn)
Jewellery
 h - the ring of Lust (right hand) {rF+ rC+ Str+2}
   (You found it on level 5 of the Pits of Slime)

   [ring of protection from fire]

   It affects your strength (+2).
   It protects you from fire.
   It protects you from cold.
 m - an amulet of reflection (around neck)
 v - a +6 ring of strength
 E - the ring "Oqakoc" (left hand) {rElec Int+4 Stlth-}
   (You bought it in a shop on level 2 of the Orcish Mines)

   [ring of attention]

   It affects your intelligence (+4).
   It insulates you from electricity.
   It makes you less stealthy.
 I - an uncursed ring of poison resistance
 L - an uncursed ring of protection from cold
 S - a +4 ring of evasion
 V - a +4 ring of protection
 W - an uncursed ring of fire
 X - the ring "Geojoy" {rPois rN+ MR+ Int+6}
   (You found it on level 1 of the Swamp)

   [ring of intelligence]

   It affects your intelligence (+6).
   It protects you from poison.
   It protects you from negative energy.
   It affects your resistance to hostile enchantments.
Wands
 f - a wand of flame (33) {@v4}
 z - a wand of polymorph (22)
 O - a wand of iceblast (22)
 T - a wand of paralysis (29)
Scrolls
 b - 2 scrolls of summoning
 i - 7 scrolls of identify {@r1}
 w - 2 scrolls of torment
 x - 5 scrolls of fear
 A - 4 scrolls of blinking
 F - 4 scrolls of enchant weapon
 G - 6 scrolls of remove curse {@r2}
 Q - 2 scrolls of immolation {@r4}
 Y - a scroll of silence
Potions
 d - 2 potions of might {@q3}
 e - 4 potions of brilliance
 j - 5 potions of mutation
 k - a potion of haste {@q4}
 n - 2 potions of stabbing {unknown}
 o - 2 potions of resistance {@q6}
 p - 3 potions of cancellation
 r - 2 potions of flight
 s - 3 potions of ambrosia
 t - 2 potions of berserk rage
 u - 11 potions of curing {@q1}
 J - 3 potions of lignification {@q7}
Miscellaneous
 l - a phantom mirror
 B - a lightning rod (4/4)
 D - a condenser vane (2/2)
 M - a tin of tremorstones (3/3)


   Skills:
 + Level 17.4(16.9) Fighting
 - Level 18.0(17.5) Axes
 + Level 20.1(19.6) Armour
 + Level 20.1(19.6) Shields
 - Level 15.0(14.5) Invocations
 - Level 8.0(7.6) Evocations


You had 20 spell levels left.
You didn't know any spells.
Your spell library contained the following spells:

 Spells                   Type           Power        Failure   Level
 Animate Skeleton         Necr           #.....       100%        1
 Apportation              Tloc           #.....       100%        1
 Beastly Appendage        Tmut           #.....       100%        1
 Corona                   Hex            #......      100%        1
 Magic Dart               Conj           #...         100%        1
 Summon Small Mammal      Summ           #...         100%        1
 Blink                    Tloc           N/A          100%        2
 Call Imp                 Summ           #.......     100%        2
 Slow                     Hex            #.......     100%        2
 Wereblood                Tmut           #.......     100%        2
 Conjure Flame            Conj/Fire      #.......     100%        3
 Inner Flame              Hex/Fire       #.......     100%        3
 Lesser Beckoning         Tloc           #.........   100%        3
 Mephitic Cloud           Conj/Pois/Air  #.......     100%        3
 Portal Projectile        Hex/Tloc       #.....       100%        3
 Spider Form              Tmut/Pois      #.........   100%        3
 Tukima's Dance           Hex            #.......     100%        3
 Cause Fear               Hex            #.........   100%        4
 Ice Form                 Ice/Tmut       #.......     100%        4
 Leda's Liquefaction      Hex/Erth       #.........   100%        4
 Alistair's Intoxication  Tmut/Pois      #........    100%        5
 Blade Hands              Tmut           #.........   100%        5
 Silence                  Hex/Air        #.........   100%        5
 Yara's Violent Unravell  Hex/Tmut       #.........   100%        5
 Invisibility             Hex            #.......     100%        6
 Discord                  Hex            #.........   100%        8


Dungeon Overview and Level Annotations

Branches:
Dungeon (15/15)            Temple (1/1) D:7            Lair (5/6) D:8
  Swamp (4/4) Lair:3       Spider (4/4) Lair:3        Slime (5/5) Lair:5
    Orc (2/2) D:10         Vaults (0/5) D:13         Depths (5/5) D:15
    Zot (5/5) Depths:5     Bailey (visited)
    Elf: Orc:2

Altars:
Ashenzari
Cheibriados
Elyvilon
Fedhas
Gozag
Hepliaklqana
Kikubaaqudgha
Makhleb
Nemelex Xobeh
Qazlal
Ru
Sif Muna
Trog
Uskayaw
Vehumet
Wu Jian
Xom
Yredelemnul
Zin
The Shining One
Beogh
Jiyva

Shops:
D:15 !=([   Orc:2 =([*

Portals:
Hell: Depths:4
Ziggurat: Depths:1

Annotations:
Lair:5 exclusion: oklob plant
Orc:1 3 runed translucent doors, Ifottees's ghost, journeyman MiFi; Takly's ghost, journeyman MiBe; Voelai's ghost, journeyman MiFi


Innate Abilities, Weirdness & Mutations

You are resistant to damage.
You can heal yourself by infusing magical energy.
You resist negative energy. (rN+)
You passively map a large area around you.
You do not regenerate.
You have a pair of small horns on your head.
You are surrounded by a mild repulsion field. (EV +2)
You have an uncontrollable temper.
Scrolls take you much longer to read.
You are clumsy. (Dex -2)
Armour fits poorly on your strangely shaped body.
Your body often deteriorates upon taking damage.
You are very dopey. (Int -4)
Your flesh is heat resistant. (rF+)
You are extremely frail. (-30% HP)
Your magical capacity is extremely low. (-30% MP)
You are resistant to hostile enchantments. (MR+)
You frequently scream uncontrollably at your foes.
You are very weak. (Str -4)
Potions cannot restore your health.
Your spells are easier to cast, but less powerful.


Message History

The Tzitzimitl gestures at you. The bolt of negative energy misses you.
The reaper hits you from afar with a +1 scythe of flaming!!
* * * LOW HITPOINT WARNING * * *
Your body deteriorates!
You feel weakened. The reaper burns you.
* * * LOW HITPOINT WARNING * * *
You feel much better.
You feel yourself speed up. You block the red devil's attack.
The Tzitzimitl calls on the powers of darkness!
Your body is wracked with pain!
* * * LOW HITPOINT WARNING * * *
Your body deteriorates!
You feel weakened.
The red devil hits you but does no damage.
You block the reaper's attack.
You feel much better.
You recover from your berserk rage.
You block the Tzitzimitl's attack. x2
A red film seems to cover your vision as you go berserk!
You feel yourself moving faster!
You feel mighty!
You closely miss the Tzitzimitl.
The Tzitzimitl is heavily wounded.
You hit the orb of fire but do no damage.
The orb of fire suddenly seems more agile.
You block the red devil's attack.
The reaper hits you from afar with a +1 scythe of flaming!!
* * * LOW HITPOINT WARNING * * *
Your body deteriorates!
You feel clumsy. The Tzitzimitl engulfs you. The Tzitzimitl drains your vigour!
You feel yourself slow down. The Tzitzimitl bites you.
You feel your flesh rotting away!
You closely miss the Tzitzimitl. Your headbutt misses the Tzitzimitl.
The Tzitzimitl is heavily wounded.
You miss the orb of fire. You block the red devil's attack.
The orb of fire glows deep purple.
The bolt of fire misses you.
You slice the Tzitzimitl!! Your headbutt misses the Tzitzimitl.
The Tzitzimitl is severely wounded.
You miss the orb of fire.
The Tzitzimitl calls on the powers of darkness!
Your body is wracked with pain!
* * * LOW HITPOINT WARNING * * *
Your body deteriorates!
You feel dopey.
The orb of fire glows yellow.
Strange energies course through your body.
Your system completely rejects the healing effects of potions.
You block the reaper's attack.
You miss the Tzitzimitl. Your headbutt misses the Tzitzimitl.
The Tzitzimitl is severely wounded.
You hit the orb of fire.
The orb of fire seems to speed up.
You block the red devil's attack. The Tzitzimitl gestures at you.
The bolt of negative energy hits you! You partially resist.
You feel drained.
* * * LOW HITPOINT WARNING * * *
You closely miss the Tzitzimitl. Your headbutt misses the Tzitzimitl.
The Tzitzimitl is severely wounded.
You closely miss the orb of fire.
The orb of fire glows deep purple.
The bolt of fire hits you!! You resist.
* * * LOW HITPOINT WARNING * * *
The red devil hits you from afar with a +1 demon trident of flaming.
The Tzitzimitl gestures at you. The bolt of negative energy misses you.
You block the reaper's attack.
You slice the Tzitzimitl!! You headbutt the Tzitzimitl.
You kill the Tzitzimitl!
Makhleb accepts your kill.
You feel better.
You closely miss the orb of fire.
The orb of fire glows yellow.
The fireball explodes!
The fireball engulfs you! You resist.
* * * LOW HITPOINT WARNING * * *
The fireball engulfs the orb of fire.
The orb of fire completely resists.
You block the red devil's attack.
You hear a shout! x2
You completely miss the orb of fire.
The orb of fire is severely damaged.
The orb of fire glows yellow.
The bolt of fire hits you!! You resist.
* * * LOW HITPOINT WARNING * * *
You block the reaper's attack.
You slice the orb of fire!!
The orb of fire's magic leaks into the air.
The orb of fire is severely damaged.
The orb of fire glows bright magenta.
The fireball explodes!
The fireball engulfs you!! You resist.
* * * LOW HITPOINT WARNING * * *
The fireball engulfs the orb of fire.
The orb of fire completely resists.
You block the red devil's attack.
You are too berserk!
You completely miss the orb of fire. Your headbutt misses the orb of fire.
The orb of fire is severely damaged.
The orb of fire emits a lurid red light.
Strange energies course through your body.
You feel clumsy. You block the reaper's attack.
You block the red devil's attack.
You closely miss the orb of fire.
The orb of fire is severely damaged.
The orb of fire glows red.
The bolt of fire hits you! You resist.
You die...

▓▓▓▓▓▓▓▓▓▓▓▓▓▓▓
▓▓▓▓......^......▓▓▓▓
▓......[.......^....▓▓
..............)......▓*
, ......................
,
.............[[.......*
,.^..............).....▓
...............)@)2...▓▓
...............).*...▓▓
................4.....▓▓
...^.................▓▓
......................▓
, , ................▓ *
, ..............▓* *
,.............▓▓ ,,,,
...d*.....▓▓


You could see an orb of fire (fast, strong, agile), a reaper and a red devil.

Vanquished Creatures
  the Royal Jelly (Slime:5)
  7 orbs of fire (Zot:5)
  2 pandemonium lords (Zot:5)
  Mennas (Depths:4)
  3 Killer Klowns (Zot:5)
  the Lernaean hydra (Swamp:4)
  A curse toe (Zot:5)
  4 golden dragons
  Arachne (Spider:2)
  A Tzitzimitl (Zot:5)
  2 electric golems (Zot:5)
  Jorgrun (D:15)
  24 Orb Guardians (Zot:5)
  4 tentacled monstrosities
  3 quicksilver dragons
  The ghost of Bioph the Warrior, an adept OgVM of Uskayaw (Swamp:1)
  A death cob (Zot:5)
  15 acid blobs
  Agnes (D:15)
  3 tentacled starspawn (Abyss:3)
  4 storm dragons
  A shadow dragon (Zot:5)
  9 azure jellies
  A warmonger (Zot:5)
  A frost giant (Depths:4)
  3 draconian knights (Zot:5)
  2 fire giants
  A ghost moth (Spider:4)
  An orc warlord (Orc:2)
  3 draconian shifters
  A draconian stormcaller (Depths:5)
  6 very ugly things
  5 stone giants
  2 green draconians
  4 white draconians
  A minotaur (Depths:5)
  2 yellow draconians
  3 black draconians
  3 red draconians
  A spark wasp (Spider:4)
  3 purple draconians
  4 ettins
  6 death oozes (Slime:5)
  A green death (Abyss:3)
  4 ice dragons
  Josephine (D:15)
  3 fire dragons
  A monstrous demonspawn (Zot:5)
  3 great orbs of eyes
  15 hydras
  3 yaktaur captains
  A spriggan air mage (Depths:5)
  A rakshasa (Depths:1)
  2 ghost crabs
  4 centaur warriors
  The ghost of night the Martial Artist, a journeyman DsDe of Ru (D:10)
  An anaconda (Depths:5)
  5 alligators
  A shambling mangrove (Swamp:1)
  11 two-headed ogres
  A vampire mage (Depths:4)
  A deep troll shaman (Depths:5)
  2 tengu warriors
  4 thrashing horrors (Abyss:3)
  A large abomination (Abyss:3)
  A wretched star (Abyss:3)
  2 sixfirhies
  A sun demon (Abyss:3)
  A spark wasp zombie (Depths:3)
  6 hell knights (Depths:5)
  2 torturous demonspawn (Zot:5)
  A spriggan druid (Depths:2)
  A wizard (D:14)
  A storm dragon skeleton (Depths:3)
  5 swamp dragons (Swamp:4)
  A deep troll (Depths:5)
  2 glowing orange brains
  7 orc knights
  7 orb spiders
  7 wolf spiders
  8 ugly things
  3 deep elf magi
  2 necromancers
  A shadow dragon skeleton (Depths:3)
  A manticore (D:15)
  3 orc sorcerers
  A shining eye (shapeshifter) (D:15)
  2 cyclopes (D:14)
  A worldbinder (Abyss:3)
  15 moths of wrath
  6 elephants (Lair:2)
  A smoke demon (Abyss:3)
  A black mamba (Lair:3)
  A rust devil (Zot:5)
  2 centaur zombies
  A water nymph (shapeshifter) (Depths:1)
  A gargoyle (D:14)
  An iron dragon skeleton (Depths:3)
  5 cane toads
  An elf zombie (Depths:4)
  A komodo dragon (Lair:2)
  15 yaktaurs
  10 demonic crawlers
  3 tengu conjurers
  14 jumping spiders
  A jumping spider (shapeshifter) (D:15)
  Prince Ribbit (D:6)
  5 trolls
  3 tyrant leeches
  12 blink frogs
  7 bog bodies
  5 dream sheep (Lair:5)
  5 hornets
  41 slime creatures
  2 hippogriffs
  A harpy skeleton (D:14)
  3 water elementals (Depths:1)
  10 tarantellas
  35 redbacks
  9 spriggans
  A centaur simulacrum (D:15)
  A spriggan (shapeshifter) (D:14)
  A wyvern (D:12)
  A yak (shapeshifter) (D:15)
  A shadow (Swamp:1)
  2 vampires
  5 wraiths (D:15)
  A hog (shapeshifter) (Depths:4)
  25 yaks
  5 golden eyes
  13 humans (D:13)
  16 vampire mosquitoes
  A basilisk (Lair:4)
  A chaos spawn (Abyss:3)
  6 insubstantial wisps (Swamp:1)
  2 soldier ants
  2 wargs
  5 swamp worms
  Menkaure (D:6)
  2 acid dragons
  7 water moccasins
  A floating eye (Slime:4)
  6 ice beasts
  6 sky beasts
  Duvessa (D:6)
  2 porcupines
  8 swamp drakes
  20 orc warriors
  A hornet zombie (D:13)
  3 phantoms
  5 black bears
  2 boggarts (Depths:1)
  7 eyes of draining
  9 ogres
  6 wolves (Lair:3)
  8 centaurs
  6 crocodiles
  4 big kobolds
  6 gnoll sergeants (Bailey)
  3 small abominations
  12 bullfrogs
  Dowan (D:6)
  4 scorpions
  A wyvern skeleton (D:8)
  13 killer bees
  4 electric eels
  18 wights
  3 vampire bats (D:3)
  A howler monkey (D:4)
  A quasit (Abyss:3)
  A bullfrog zombie (D:12)
  4 starcursed masses (Abyss:3)
  12 hounds
  7 jellies
  23 orc priests
  6 centaur skeletons
  5 gnoll shamans (Bailey)
  A bullfrog skeleton (D:8)
  An iron imp (Abyss:3)
  16 orc wizards
  Jessica (D:3)
  3 iguanas
  3 hell rats (D:6)
  10 worker ants
  A worker ant zombie (D:9)
  12 gnolls (Bailey)
  A howler monkey skeleton (D:9)
  6 adders
  4 river rats (D:6)
  3 shadow imps
  4 white imps
  An ufetubus (D:7)
  2 oozes
  4 worms
  2 dart slugs
  5 leopard geckos
  52 orcs
  A ball python (D:7)
  2 bat skeletons (D:3)
  4 bat zombies (D:3)
  5 giant cockroaches
  3 goblins (D:1)
  A hobgoblin (D:1)
  4 jackals (D:3)
  A quokka (D:7)
  3 bats
  4 frilled lizards
  25 kobolds
  A leopard gecko skeleton (D:4)
  23 rats
  A fungus (Lair:4)
  2 plants (Lair:5)
  5 starspawn tentacles (Abyss:3)
1032 creatures vanquished.

Vanquished Creatures (collateral kills)
  Rupert (D:13)
  2 acid blobs
  An azure jelly (Slime:5)
  4 emperor scorpions (Spider:4)
  A purple draconian (Zot:3)
  A spark wasp (Spider:4)
  A white draconian (Zot:3)
  A two-headed ogre (D:15)
  2 hydras (Swamp:4)
  An ogre mage (D:15)
  An alligator (Swamp:1)
  An orc high priest (Orc:2)
  Urug (D:10)
  A swamp dragon (Swamp:4)
  6 orb spiders (Spider:4)
  2 wolf spiders (Spider:4)
  A cyclops (Orc:2)
  2 shining eyes
  2 moths of wrath (Zot:3)
  A manticore (D:14)
  A centaur skeleton (D:15)
  An eye of devastation (Slime:4)
  A komodo dragon (Lair:1)
  6 jumping spiders (Spider:4)
  4 hornets (Spider:4)
  13 slime creatures
  6 redbacks (Spider:4)
  4 tarantellas (Spider:4)
  3 humans (D:13)
  A yak (D:11)
  A vampire mosquito (D:15)
  An orc warrior (Orc:2)
  An ice beast (D:7)
  An eye of draining (Slime:5)
  A big kobold (D:14)
  2 gnoll sergeants (Bailey)
  A bullfrog zombie (D:13)
  A gnoll shaman (Bailey)
  2 gnolls (Bailey)
  A kobold (D:14)
85 creatures vanquished.

Vanquished Creatures (others)
  An orb of fire (Zot:5)
  A draconian knight (Zot:5)
  A tengu warrior (Depths:2)
  A spriggan druid (Swamp:4)
  A wizard (D:14)
  A smoke demon (Zot:5)
  A tormentor (Zot:5)
  A fire bat (Abyss:3)
  A boggart (Depths:1)
  An electric eel (Spider:1)
  An orc wizard (Orc:2)
  4 fungi
  3 plants (Lair:2)
  7 starspawn tentacles (Abyss:3)
25 creatures vanquished.

Grand Total: 1142 creatures vanquished

Notes
Turn   | Place    | Note
-------+----------+-------------------------------------------
     0 | D:1      | EnegeticOcto the Deep Dwarf Fighter began the quest for the
                  | Orb.
     0 | D:1      | Reached XP level 1. HP: 20/20 MP: 1/1
   195 | D:1      | Reached XP level 2. HP: 22/27 MP: 2/2
   336 | D:2      | Reached XP level 3. HP: 28/34 MP: 3/3
   606 | D:3      | Noticed Jessica
   621 | D:3      | Killed Jessica
   621 | D:3      | Reached XP level 4. HP: 28/42 MP: 4/4
   651 | D:3      | Found an ancient bone altar of Kikubaaqudgha.
   663 | D:3      | Reached XP level 5. HP: 29/49 MP: 5/5
   832 | D:4      | Noticed an ogre
   842 | D:4      | Killed an ogre
   842 | D:4      | Reached XP level 6. HP: 29/57 MP: 6/6
   942 | D:4      | Reached skill level 5 in Axes
  1004 | D:4      | Found a snail-covered altar of Cheibriados.
  1129 | D:5      | Entered Level 5 of the Dungeon
  1170 | D:6      | Reached XP level 7. HP: 44/64 MP: 6/6
  1179 | D:6      | Noticed Dowan
  1182 | D:6      | Noticed Duvessa
  1184 | D:6      | Reached skill level 5 in Armour
  1184 | D:6      | Reached skill level 5 in Shields
  1202 | D:6      | Killed Duvessa
  1204 | D:6      | Found a bloodstained altar of Trog.
  1208 | D:6      | Killed Dowan
  1244 | D:6      | Found a shimmering altar of Xom.
  1247 | D:6      | Found a shimmering altar of Xom.
  1250 | D:6      | Found a shimmering altar of Xom.
  1268 | D:6      | Found a shimmering altar of Xom.
  1537 | D:6      | Reached XP level 8. HP: 39/73 MP: 6/6
  1733 | D:6      | Noticed Prince Ribbit
  1759 | D:6      | Killed Prince Ribbit
  1759 | D:6      | Reached skill level 5 in Fighting
  1785 | D:6      | Noticed Menkaure
  1793 | D:6      | Killed Menkaure
  1808 | D:6      | Found a sparkling altar of Nemelex Xobeh.
  1979 | D:6      | Found the +2 ratskin cloak {*Rats rPois rN+ Str-1 Int-1
                  | Dex+1}
  2094 | D:7      | Found a flagged portal.
  2151 | D:7      | Gained mutation: You passively map the area around you.
                  | [Deep Dwarf growth]
  2151 | D:7      | Reached XP level 9. HP: 59/81 MP: 5/5
  2174 | D:7      | Found a staircase to the Ecumenical Temple.
  2185 | Temple   | Entered the Ecumenical Temple
  2226 | Temple   | Became a worshipper of Makhleb the Destroyer
  2268 | Bailey   | Entered a bailey
  2347 | Bailey   | Reached skill level 1 in Invocations
  2816 | D:7      | Gained mutation: Your flesh is heat resistant. (rF+)
                  | [potion of mutation]
  2816 | D:7      | Gained mutation: You have a pair of small horns on your
                  | head. [potion of mutation]
  2816 | D:7      | Gained mutation: You are surrounded by a mild repulsion
                  | field. (EV +2) [potion of mutation]
  2816 | D:7      | Gained mutation: You are resistant to hostile enchantments.
                  | (MR+) [potion of mutation]
  2936 | D:7      | Reached * piety under Makhleb
  3547 | D:8      | Reached ** piety under Makhleb
  3596 | D:8      | Found a shattered altar of Ashenzari.
  3753 | D:8      | Found a staircase to the Lair.
  3764 | D:8      | Reached XP level 10. HP: 91/91 MP: 7/7
  3769 | D:8      | Reached skill level 10 in Axes
  4178 | D:9      | Found a blossoming altar of Fedhas.
  4309 | D:9      | Reached skill level 5 in Invocations
  4461 | D:9      | Reached *** piety under Makhleb
  4574 | D:10     | Entered Level 10 of the Dungeon
  4589 | D:10     | Noticed a two-headed ogre
  4596 | D:10     | Killed a two-headed ogre
  4612 | D:10     | Noticed Urug
  4628 | D:10     | Killed Urug
  4987 | D:10     | Found a staircase to the Orcish Mines.
  5194 | D:10     | Reached XP level 11. HP: 89/100 MP: 9/9
  5325 | D:10     | Found a runed translucent door.
  5325 | D:10     | Noticed a spriggan rider
  5330 | D:10     | Reached **** piety under Makhleb
  5335 | D:10     | Noticed night's ghost (journeyman DsDe)
  5335 | D:10     | Identified the +4 spear "Jienluf" {holy, *Corrode rN+ Int+2
                  | Stlth+}
  5496 | D:10     | Killed night's ghost
  5903 | D:11     | Noticed a sea snake
  6036 | D:11     | Reached ***** piety under Makhleb
  6232 | D:12     | Noticed a two-headed ogre
  6241 | D:12     | Killed a two-headed ogre
  6610 | D:12     | Noticed a two-headed ogre
  6620 | D:12     | Killed a two-headed ogre
  6620 | D:12     | Reached XP level 12. HP: 111/111 MP: 12/12
  6626 | D:12     | Identified a scroll of acquirement
  6626 | D:12     | Acquired 1980 gold pieces
  6775 | Orc:1    | Entered Level 1 of the Orcish Mines
  6797 | Orc:1    | Noticed a two-headed ogre
  6810 | Orc:1    | Killed a two-headed ogre
  6810 | Orc:1    | Reached skill level 10 in Shields
  6830 | Orc:1    | Found a runed translucent gate.
  6830 | Orc:1    | Found a runed translucent gate.
  6830 | Orc:1    | Found a runed translucent gate.
  6834 | Orc:1    | Noticed Takly's ghost (journeyman MiBe)
  6834 | Orc:1    | Noticed Ifottees's ghost (journeyman MiFi)
  6834 | Orc:1    | Noticed Voelai's ghost (journeyman MiFi)
  6939 | Orc:2    | Entered Level 2 of the Orcish Mines
  6977 | Orc:2    | Found a roughly hewn altar of Beogh.
  7031 | Orc:2    | Noticed an orc warlord
  7043 | Orc:2    | Noticed an orc high priest
  7044 | Orc:2    | Reached skill level 10 in Armour
  7051 | Orc:2    | Killed an orc warlord
  7068 | Orc:2    | Killed an orc high priest
  7098 | Orc:2    | Found a roughly hewn altar of Beogh.
  7123 | Orc:2    | Found Minaqal's Jewellery Shoppe.
  7130 | Orc:2    | Bought the ring "Oqakoc" {rElec Int+4 Stlth-} for 448 gold
                  | pieces
  7145 | Orc:2    | Found Qotejene's Antique Armour Shoppe.
  7152 | Orc:2    | Bought a pair of embroidered gloves for 165 gold pieces
  7170 | Orc:2    | Found Oxoy's General Store.
  7178 | Orc:2    | Bought a potion of curing for 45 gold pieces
  7178 | Orc:2    | Bought a scroll of enchant weapon for 112 gold pieces
  7178 | Orc:2    | Bought a potion of berserk rage for 75 gold pieces
  7178 | Orc:2    | Bought a +1 cloak of preservation for 247 gold pieces
  7197 | Orc:2    | Found Ohoceafo's Antique Weapon Shoppe.
  7204 | Orc:2    | Bought a glowing war axe for 169 gold pieces
  7521 | D:13     | Noticed a centaur warrior
  7535 | D:13     | Killed a centaur warrior
  7653 | D:13     | Noticed Rupert
  7653 | D:13     | Noticed a centaur warrior
  7655 | D:13     | Found a gate to the Vaults.
  7656 | D:13     | Noticed a centaur warrior
  7669 | D:13     | Reached skill level 10 in Invocations
  7678 | D:13     | Reached XP level 13. HP: 121/121 MP: 13/13
  7689 | D:13     | Killed Rupert
  7700 | D:13     | Reached ****** piety under Makhleb
  8586 | D:14     | Reached skill level 15 in Axes
  8586 | D:14     | Gained mutation: You resist negative energy. (rN+) [Deep
                  | Dwarf growth]
  8586 | D:14     | Reached XP level 14. HP: 130/130 MP: 15/15
  9245 | D:14     | Found a shimmering blue altar of Sif Muna.
  9323 | D:14     | Reached skill level 10 in Fighting
  9408 | D:15     | Entered Level 15 of the Dungeon
  9408 | D:15     | Found Moic's Antique Armour Boutique.
  9547 | D:15     | Noticed Agnes
  9565 | D:15     | Killed Agnes
  9641 | D:15     | Found Viamenia's Weapon Boutique.
  9677 | D:15     | Bought a +2 war axe of flaming for 366 gold pieces
  9694 | D:15     | Noticed Josephine
  9697 | D:15     | Noticed Jorgrun
  9704 | D:15     | Killed Josephine
  9716 | D:15     | Killed Jorgrun
  9736 | D:15     | Reached XP level 15. HP: 139/139 MP: 15/17
  9779 | D:15     | Found Dasamer's Jewellery Shop.
  9787 | D:15     | Bought a +4 ring of evasion for 576 gold pieces
  9941 | D:15     | Found Leopnia's Distillery.
  9965 | D:15     | Bought a potion of haste for 160 gold pieces
  9965 | D:15     | Bought a potion of resistance for 160 gold pieces
  9965 | D:15     | Bought a potion of resistance for 160 gold pieces
 10039 | D:15     | Reached skill level 1 in Evocations
 10122 | D:15     | Found a staircase to the Depths.
 10472 | Lair:1   | Entered Level 1 of the Lair of Beasts
 11511 | Lair:3   | Found a staircase to the Swamp.
 11525 | Swamp:1  | Entered Level 1 of the Swamp
 11765 | Swamp:1  | Found a runed translucent door.
 11765 | Swamp:1  | Noticed Bioph's ghost (adept OgVM)
 11787 | Swamp:1  | Killed Bioph's ghost
 11811 | Swamp:1  | Got a smoking lead ring
 11812 | Swamp:1  | Identified the ring "Geojoy" {rPois rN+ MR+ Int+6} (You
                  | found it on level 1 of the Swamp)
 12004 | Swamp:4  | Entered Level 4 of the Swamp
 12079 | Swamp:4  | Reached skill level 5 in Evocations
 12113 | Swamp:4  | Noticed the 27-headed Lernaean hydra
 12124 | Swamp:4  | Killed the 24-headed Lernaean hydra
 12124 | Swamp:4  | Reached XP level 16. HP: 150/150 MP: 18/18
 12256 | Swamp:4  | Got a decaying rune of Zot
 12476 | Lair:3   | Found a hole to the Spider Nest.
 12517 | Spider:1 | Entered Level 1 of the Spider Nest
 12812 | Spider:2 | Noticed Arachne
 12855 | Spider:2 | Killed Arachne
 13200 | Spider:4 | Entered Level 4 of the Spider Nest
 13486 | Spider:4 | Reached XP level 17. HP: 102/159 MP: 4/20
 13496 | Spider:4 | Got a gossamer rune of Zot
 14000 | Lair:5   | Found a staircase to the Slime Pits.
 14019 | Slime:1  | Entered Level 1 of the Pits of Slime
 14062 | Slime:1  | Gained mutation: Scrolls take you a little longer to read.
                  | [a shining eye]
 14096 | Slime:2  | Noticed an acid blob
 14107 | Slime:2  | Killed an acid blob
 14121 | Slime:3  | Noticed an acid blob
 14140 | Slime:3  | Killed an acid blob
 14148 | Slime:3  | Noticed an acid blob
 14163 | Slime:3  | Killed an acid blob
 14163 | Slime:3  | Reached skill level 15 in Invocations
 14167 | Slime:4  | Noticed an acid blob
 14167 | Slime:4  | Noticed an acid blob
 14170 | Slime:4  | Gained mutation: You are robust. (+10% HP) [a shining eye]
 14177 | Slime:4  | Killed an acid blob
 14180 | Slime:4  | Killed an acid blob
 14198 | Slime:4  | Paralysed by a floating eye for 3 turns
 14212 | Slime:5  | Entered Level 5 of the Pits of Slime
 14212 | Slime:5  | Noticed an acid blob
 14212 | Slime:5  | Noticed an acid blob
 14218 | Slime:5  | Killed an acid blob
 14222 | Slime:5  | Killed an acid blob
 14222 | Slime:5  | Noticed an acid blob
 14229 | Slime:5  | Noticed an acid blob
 14235 | Slime:5  | Killed an acid blob
 14245 | Slime:5  | Killed an acid blob
 14257 | Slime:5  | Noticed an acid blob
 14258 | Slime:5  | Noticed an acid blob
 14259 | Slime:5  | Noticed the Royal Jelly
 14266 | Slime:5  | Killed an acid blob
 14270 | Slime:5  | Killed an acid blob
 14271 | Slime:5  | Found a viscous altar of Jiyva.
 14271 | Slime:5  | Noticed an acid blob
 14278 | Slime:5  | Noticed an acid blob
 14280 | Slime:5  | Found the +0 mask of the Dragon {MR+ Slay+3 SInv}
 14290 | Slime:5  | Killed an acid blob
 14291 | Slime:5  | Noticed an acid blob
 14291 | Slime:5  | Noticed an acid blob
 14297 | Slime:5  | Noticed an acid blob
 14300 | Slime:5  | Killed an acid blob
 14300 | Slime:5  | Reached skill level 15 in Shields
 14303 | Slime:5  | Noticed an acid blob
 14312 | Slime:5  | Killed an acid blob
 14312 | Slime:5  | Reached skill level 15 in Armour
 14313 | Slime:5  | Killed the Royal Jelly
 14317 | Slime:5  | Killed an acid blob
 14322 | Slime:5  | Killed an acid blob
 14323 | Slime:5  | Killed an acid blob
 14328 | Slime:5  | Gained mutation: You passively map a large area around you.
                  | [Deep Dwarf growth]
 14328 | Slime:5  | Reached XP level 18. HP: 152/186 MP: 22/22
 14353 | Slime:5  | Found the +7 Spriggan's Knife {stab, EV+4 Stlth+}
 14353 | Slime:5  | Got a slimy granite ring
 14356 | Slime:5  | Identified the ring of Lust {rF+ rC+ Str+2} (You found it
                  | on level 5 of the Pits of Slime)
 14394 | Slime:5  | Got a slimy rune of Zot
 14902 | Depths:1 | Entered Level 1 of the Depths
 14922 | Depths:1 | Found a gateway to a ziggurat.
 15404 | Depths:4 | Found a gateway to Hell.
 15438 | Depths:4 | Noticed a tentacled monstrosity
 15447 | Depths:4 | Killed a tentacled monstrosity
 15449 | Depths:4 | Noticed Mennas
 15487 | Depths:4 | Killed Mennas
 15524 | Depths:5 | Entered Level 5 of the Depths
 15525 | Depths:5 | Cast into level 3 of the Abyss (hell knight)
 15708 | Depths:5 | Escaped the Abyss
 15736 | Depths:5 | Noticed a golden dragon
 15752 | Depths:5 | Killed a golden dragon
 15752 | Depths:5 | Reached XP level 19. HP: 201/201 MP: 23/23
 15778 | Depths:5 | Noticed a golden dragon
 15782 | Depths:5 | Found a gate to the Realm of Zot.
 15795 | Depths:5 | Killed a golden dragon
 15848 | Zot:1    | Entered Level 1 of the Realm of Zot
 15908 | Zot:2    | Noticed a golden dragon
 15930 | Zot:2    | Killed a golden dragon
 15930 | Zot:2    | Reached skill level 15 in Fighting
 16027 | Zot:5    | Entered Level 5 of the Realm of Zot
 16036 | Zot:5    | Noticed a curse toe
 16057 | Zot:5    | Killed a curse toe
 16500 | Zot:5    | Reached XP level 20. HP: 215/215 MP: 23/23
 16524 | Zot:5    | Got the Orb of Zot
 16530 | Zot:5    | Noticed an orb of fire
 16532 | Zot:5    | Noticed an orb of fire
 16533 | Zot:5    | Noticed an orb of fire
 16534 | Zot:5    | Noticed an ancient lich
 16543 | Zot:5    | Noticed an orb of fire
 16546 | Zot:5    | Noticed an orb of fire
 16546 | Zot:5    | Noticed an orb of fire
 16546 | Zot:5    | Noticed a Killer Klown
 16547 | Zot:5    | Noticed a Killer Klown
 16547 | Zot:5    | Noticed an orb of fire
 16550 | Zot:5    | Noticed a golden dragon
 16550 | Zot:5    | Gained mutation: You are dopey. (Int -2) [an orb of fire]
 16551 | Zot:5    | Noticed an orb of fire
 16559 | Zot:5    | Noticed an orb of fire
 16562 | Zot:5    | Gained mutation: Your magical capacity is low. (-10% MP)
                  | [an orb of fire]
 16563 | Zot:5    | Noticed an orb of fire
 16566 | Zot:5    | Lost mutation: You are robust. (+10% HP) [an orb of fire]
 16572 | Zot:5    | Noticed a Killer Klown
 16574 | Zot:5    | Noticed Roddac the pandemonium lord
 16575 | Zot:5    | Gained mutation: You tend to lose your temper in combat.
                  | [an orb of fire]
 16578 | Zot:5    | Gained mutation: You occasionally shout uncontrollably at
                  | your foes. [an orb of fire]
 16582 | Zot:5    | Banished an orb of fire
 16584 | Zot:5    | Gained mutation: You are agile. (Dex +2) [an orb of fire]
 16586 | Zot:5    | Lost mutation: You are dopey. (Int -2) [an orb of fire]
 16588 | Zot:5    | Noticed Gunlyx the pandemonium lord
 16588 | Zot:5    | Gained mutation: Your body sometimes deteriorates upon
                  | taking damage. [an orb of fire]
 16588 | Zot:5    | Gained mutation: You are frail. (-10% HP) [an orb of fire]
 16593 | Zot:5    | Killed an orb of fire
 16593 | Zot:5    | Gained mutation: You are weak. (Str -2) [an orb of fire]
 16594 | Zot:5    | Gained mutation: You are very frail. (-20% HP) [an orb of
                  | fire]
 16595 | Zot:5    | Gained mutation: You are dopey. (Int -2) [an orb of fire]
 16596 | Zot:5    | Killed an orb of fire
 16596 | Zot:5    | Banished an orb of fire
 16597 | Zot:5    | Gained mutation: You sometimes yell uncontrollably at your
                  | foes. [an orb of fire]
 16598 | Zot:5    | Killed a Killer Klown
 16599 | Zot:5    | Killed a Killer Klown
 16599 | Zot:5    | Gained mutation: Your body often deteriorates upon taking
                  | damage. [an orb of fire]
 16603 | Zot:5    | Gained mutation: Your magical capacity is very low. (-20%
                  | MP) [an orb of fire]
 16604 | Zot:5    | Gained mutation: Armour fits poorly on your strangely
                  | shaped body. [an orb of fire]
 16607 | Zot:5    | Gained mutation: Your magical capacity is extremely low.
                  | (-30% MP) [an orb of fire]
 16608 | Zot:5    | Gained mutation: Your spells are a little easier to cast,
                  | but a little less powerful. [an orb of fire]
 16608 | Zot:5    | Gained mutation: You are very dopey. (Int -4) [an orb of
                  | fire]
 16610 | Zot:5    | Gained mutation: You often lose your temper in combat. [an
                  | orb of fire]
 16610 | Zot:5    | Lost mutation: You are agile. (Dex +2) [an orb of fire]
 16612 | Zot:5    | Killed a golden dragon
 16612 | Zot:5    | Gained mutation: You are extremely frail. (-30% HP) [an orb
                  | of fire]
 16616 | Zot:5    | Killed an orb of fire
 16616 | Zot:5    | Gained mutation: You have an uncontrollable temper. [an orb
                  | of fire]
 16619 | Zot:5    | Killed Roddac the pandemonium lord
 16619 | Zot:5    | Reached XP level 21. HP: 114/144 MP: 12/12
 16619 | Zot:5    | Gained mutation: You are very weak. (Str -4) [an orb of
                  | fire]
 16623 | Zot:5    | Gained mutation: Scrolls take you longer to read. [an orb
                  | of fire]
 16626 | Zot:5    | Gained mutation: Your spells are easier to cast, but less
                  | powerful. [an orb of fire]
 16629 | Zot:5    | Killed an orb of fire
 16630 | Zot:5    | Killed an orb of fire
 16632 | Zot:5    | Killed an orb of fire
 16636 | Zot:5    | Killed a Killer Klown
 16641 | Zot:5    | Killed an orb of fire
 16642 | Zot:5    | Killed Gunlyx the pandemonium lord
 16669 | Zot:5    | Gained mutation: Potions are less effective at restoring
                  | your health. [an orb of fire]
 16674 | Zot:5    | Gained mutation: Scrolls take you much longer to read. [an
                  | orb of fire]
 16674 | Zot:5    | Gained mutation: You frequently scream uncontrollably at
                  | your foes. [an orb of fire]
 16675 | Zot:5    | Gained mutation: Potions are poor at restoring your health.
                  | [an orb of fire]
 16680 | Zot:5    | Gained mutation: Potions cannot restore your health. [an
                  | orb of fire]
 16682 | Zot:5    | HP: 9/219 [orb of fire/bolt of fire (15)]
 16685 | Zot:5    | HP: 4/219 [orb of fire/fireball (15)]
 16686 | Zot:5    | Gained mutation: You are clumsy. (Dex -2) [an orb of fire]
 16687 | Zot:5    | Killed from afar by an orb of fire

Illustrated notes

Levels and vault maps discovered:
D:1:      dpeg_arrival_refuge, layout_loops_ring
D:2:      minmay_recursive_quarters, layout_basic
D:3:      layout_loops_ring, kennysheep_vampire_church,
          okawaru_altar_gauntlet_db, uniq_jessica, uniq_ijyb
D:4:      layout_rooms, kennysheep_slug_shrine
D:5:      layout_loops_corners, nicolae_overflow_crystal_walls, serial_shops,
          kennysheep_mini, shop, uniq_pikel
D:6:      wander_guarded_unrand_ratskin, layout_rooms, old_standard_altar,
          xom_redecorated, basic_altar, uniq_menkaure, uniq_duvessa,
          uniq_prince_ribbit1
D:7:      layout_loops_cross, minmay_temple_entry_crystal_x, enter_bailey_2
D:8:      layout_loops_ring, nicolae_ashenzari_panopticon, lair_entry_dummy
D:9:      layout_roguey, fedhas_altar_3
D:10:     layout_stronghold, erik_orc_1, ebering_ghost_funeral_grove, uniq_urug
D:11:     layout_rooms, serial_aquarium, aquarium_bridge_straight
          [aquarium_subvault_bridge, aquarium_subvault_wall,
          aquarium_subvault_bridge, aquarium_subvault_wall],
          aquarium_bridge_long_separate [aquarium_subvault_balcony,
          aquarium_subvault_bridge, aquarium_subvault_wall,
          aquarium_subvault_balcony, aquarium_subvault_bridge,
          aquarium_subvault_bridge], aquarium_window_2, aquarium_window_1,
          aquarium_window_2, aquarium_view_2f, aquarium_view_2e, aquarium_pool_1
D:12:     layout_rooms
D:13:     layout_layer_cave, david_vaults_3, grunt_decor_mini_mirrors,
          kennysheep_kite_vault
D:14:     layout_stronghold, lemuel_blue_sif_altar
D:15:     grunt_enter_depths_snipers, layout_long_grid, serial_shops,
          nicolae_shop_trees, shop_fountains, nicolae_shop_statue_plus, shop,
          chequers_serial_rivers_micro_a, uniq_agnes, uniq_jorgrun,
          uniq_josephine
Temple:   zaba_magenta_temple
Lair:1:   layout_cellular_growth, grunt_megastairs_5, lemuel_fruit_fields,
          lemuel_fruit_tree
Lair:2:   layout_gridlike, serial_bayou_lagoon_b, serial_bayou_shore_b
Lair:3:   layout_regular_city, skrybe_swamp_entry_bodies, spider_nest_entry_webs
Lair:4:   layout_concentric_octagons, chequers_serial_rivers_micro_c
Lair:5:   layout_small_grid, nicolae_slime_entry_slimehenge,
          ebering_ghost_disaster_area, special_room [special_room_mythical_zoo],
          nicolae_quartered_pool_medium, minmay_lair_oklob_chamber,
          infiniplex_staircase_pool_2
Swamp:1:  layout_basic_swamp, gammafunk_ghost_grave, nicolae_swamp_dense_foliage
Swamp:2:  layout_basic_swamp, evilmike_swamp_ruin_house_5
Swamp:3:  layout_falls_marsh, evilmike_swamp_ruin_house_3, swamp_pool3,
          infiniplex_staircase_pool, uniq_louise
Swamp:4:  swamp_old_school, layout_basic_swamp
Spider:1: layout_spider_delve
Spider:2: layout_chambers, uniq_arachne
Spider:3: layout_spider_delve, drop_trap, hangedman_spider_mandibles,
          guppyfry_spider_mini_2
Spider:4: spider_rune_water
Slime:1:  layout_caves
Slime:2:  layout_caves
Slime:3:  layout_caves
Slime:4:  layout_caves, cheibrodos_slime_lost_civilization_7
Slime:5
Orc:1:    layout_caves, gammafunk_ghost_cemetery
Orc:2:    grunt_orc_cross, layout_diamond_mine, basic_altar
Depths:1: layout_cave_pools, enter_ziggurat_e, hell_entry,
          hangedman_abyss_entry_splay, minmay_misc_feat_nine_boxes,
          nicolae_trove_entry_free_sample, lightli_giant_bouncers
Depths:2: spriggan_forest, hell_entry, uniq_aizul
Depths:3: kennysheep_windowed_halls, layout_gridville, hell_entry,
          chequers_serial_rivers_small_a, pan_entry, nicolae_wwwww,
          nicolae_island_escapes, infiniplex_staircase_zigzag_1
Depths:4: minmay_slanted_spiral_squares, layout_cross, rand_demon_pan_entry_7,
          hangedman_tar_grid_catacomb, abyss_entry_small_statue_room,
          chequers_serial_rivers_micro_e, uniq_mennas, uniq_enchantress
Depths:5: grunt_crosshair, layout_cave_shapes, serial_sigils,
          serial_sigils_hangedman_clutch, serial_sigils_hangedman_snap,
          serial_sigils_hangedman_etch, serial_sigils_hangedman_scar,
          serial_sigils_hangedman_scratch, serial_sigils_hangedman_gnaw,
          grunt_hell_horde
Zot:1:    layout_basic
Zot:2:    layout_onion_interference, hangedman_snake_sidewinding
Zot:3:    layout_onion_interference
Zot:4:    layout_onion
Zot:5:    layout_onion

Skill      XL: |  1  2  3  4  5  6  7  8  9 10 11 12 13 14 15 16 17 18 19 20 21 |
---------------+----------------------------------------------------------------+-----
Fighting       | 3 4 5 6 7 8 9 10 11 13 14 15 16 17 | 17.4
Axes           | 3 4 5 6 8 9 11 12 14 15 17 18 | 18.0
Armour         | 4 5 6 7 8 9 10 11 12 13 15 16 18 19 20 | 20.1
Shields        | 4 5 6 7 8 9 10 11 12 13 15 16 18 19 20 | 20.1
Invocations    | 4 6 8 10 11 12 13 14 15 | 15.0
Evocations     | 5 8 |  8.0

Action                   |  1- 3 |  4- 6 |  7- 9 | 10-12 | 13-15 | 16-18 | 19-21 || total
-------------------------+-------+-------+-------+-------+-------+-------+-------++-------
Melee: War axe           |   102 |   105 |   494 |   555 |   322 |   174 |       ||  1752
       Headbutt          |       |       |    25 |   152 |   216 |   333 |   103 ||   829
       Broad axe         |       |       |       |   117 |   373 |   944 |   367 ||  1801
Throw: Throwing net      |       |       |       |       |       |     5 |       ||     5
Invok: Lesser Servant of |       |       |       |     3 |    11 |    11 |     1 ||    26
       Greater Servant o |       |       |       |       |       |     7 |     4 ||    11
 Abil: Heal Wounds       |       |     4 |    26 |     9 |       |     2 |    27 ||    68
Evoke: Tin of tremorston |       |       |       |       |     3 |       |       ||     3
       Condenser vane    |       |       |       |       |       |     2 |     1 ||     3
  Use: Scroll            |       |     8 |     9 |     6 |    11 |    13 |     7 ||    54
       Potion            |       |       |     1 |       |     1 |     6 |     8 ||    16
 Stab: Distracted        |       |       |       |     1 |       |     7 |     8 ||    16
       Confused          |       |       |       |       |     3 |     4 |     5 ||    12
       Held in net/web   |       |       |       |       |       |     3 |       ||     3
       Paralysed         |       |       |       |       |       |    11 |    12 ||    23
       Petrifying        |       |       |       |       |       |     6 |     7 ||    13
       Petrified         |       |       |       |       |       |     4 |     8 ||    12
       Invisible         |       |       |       |       |       |       |     1 ||     1
Armor: Scale mail        |    58 |    46 |    33 |       |       |       |       ||   137
       Plate armour      |       |       |   159 |       |       |       |       ||   159
       Crystal plate arm |       |       |    49 |   306 |   367 |   675 |   277 ||  1674
Dodge: Dodged            |    36 |    50 |   116 |   102 |   128 |   260 |    72 ||   764
       Repelled          |     1 |     2 |     1 |       |       |       |       ||     4
Block: Kite shield       |    44 |    74 |   527 |   588 |       |       |       ||  1233
       Reflection        |       |       |     7 |    33 |    34 |    40 |    13 ||   127
       Tower shield      |       |       |       |   104 |   857 |  1392 |   596 ||  2949

Table legend: (Time is in decaauts)
 A = Elapsed time spent in this place.
 B = Non-inter-level travel time spent in this place.
 C = Inter-level travel time spent in this place.
 D = Time resting spent in this place.
 E = Time spent auto-exploring this place.
 F = Levels seen in this place.
 G = Mean time per level.
                   A        B        C        D        E       F      G
               +--------+--------+--------+--------+--------+-----+--------+
         Total |  16452 |  14593 |   1859 |    112 |   8681 |  48 |  342.8 |
       Dungeon |   9713 |   8638 |   1075 |      0 |   5969 |  15 |  647.5 |
        Temple |     54 |     42 |     12 |      0 |      0 |   1 |   54.0 |
          Lair |   1571 |   1360 |    211 |      0 |   1010 |   5 |  314.2 |
         Swamp |    885 |    769 |    116 |      0 |    319 |   4 |  221.2 |
   Spider Nest |   1125 |    919 |    206 |      0 |    390 |   4 |  281.2 |
    Slime Pits |    455 |    363 |     92 |      0 |      0 |   5 |   91.0 |
  Orcish Mines |    485 |    406 |     79 |      0 |    186 |   2 |  242.5 |
        Depths |    689 |    667 |     22 |      0 |    267 |   5 |  137.8 |
           Zot |    747 |    704 |     43 |    112 |    224 |   5 |  149.4 |
         Abyss |    164 |    164 |      0 |      0 |     60 |   1 |  164.0 |
        Bailey |    558 |    558 |      0 |      0 |    255 |   1 |  558.0 |
               +--------+--------+--------+--------+--------+-----+--------+

Top non-repeatable levels by time:
    D:14: 1348 daAuts
    D:10: 1256 daAuts
    D:15: 1011 daAuts
     D:6: 961 daAuts
  Lair:2: 822 daAuts
     D:8: 769 daAuts
     D:7: 715 daAuts
    D:13: 686 daAuts
    D:11: 670 daAuts
   Zot:5: 589 daAuts
    D:12: 567 daAuts
  Bailey: 558 daAuts
 Swamp:1: 517 daAuts
     D:9: 500 daAuts
     D:4: 400 daAuts
